 Dungeon Crawl Stone Soup version 0.29.1-15-g9cfb28693d (webtiles) character file.

Game seed: 13623921188389826145

14 hawla the Caller (level 2, -4/23 HPs)
             Began as a Meteoran Wanderer on Apr 5, 2023.
             Slain by a gnoll
             ... wielding a +0 spear
              (6 damage)
             ... on level 2 of the Dungeon.
             The game lasted 00:01:45 (155 turns).

hawla the Caller (Meteoran Wanderer)                 Turns: 155, Time: 00:01:46

Health: -4/23      AC:  3    Str: 10    XL:     2   Next: 76%
Magic:  5/5        EV: 11    Int: 13    God:
Gold:   21         SH:  0    Dex: 16    Spells: 2/3 levels left

rFire   . . .      SeeInvis .   e - +9 spear of Gluttony {vorpal, rN+}
rCold   . . .      Faith    .   (no shield)
rNeg    + . .      Spirit   .   d - +0 robe
rPois   .          Reflect  .   b - +0 helmet
rElec   .          Harm     .   (no cloak)
rCorr   .          Rampage  .   (no gloves)
Will    .....                   (no boots)
Stlth   +.........              (no amulet)
HPRegen 0.07/turn               (no ring)
MPRegen 0.09/turn               (no ring)

@: glowing
A: sense surroundings 1, otherworldly, glowing, explore regen
a: no special abilities


You were on level 2 of the Dungeon.
You visited 1 branch of the dungeon, and saw 3 of its levels.

You collected 21 gold pieces.

Inventory:

Hand Weapons
 a - a +0 quarterstaff
 e - the +9 spear of Gluttony (weapon) {vorpal, rN+}
   (You found it on level 2 of the Dungeon)

   It inflicts extra damage upon your enemies.
   rN:        It protects you from negative energy.
Armour
 b - a +0 helmet (worn)
 d - a +0 robe (worn)
Potions
 c - a potion of lignification
 f - a potion of might {unknown}


   Skills:
 + Level 1.1 Fighting
 + Level 0.1(1.7) Polearms
 + Level 2.9 Staves
 - Level 1.4 Stealth
 + Level 1.3 Spellcasting
 + Level 5.3 Summonings


You had 2 spell levels left.
You knew the following spells:

 Your Spells              Type           Power      Damage    Failure   Level
a - Summon Small Mammal   Summ           56%        N/A       3%          1

Your spell library contained the following spells:

 Spells                   Type           Power      Damage    Failure   Level
 Animate Armour           Summ/Erth      14%        N/A       67%         4
 Summon Lightning Spire   Summ/Air       7%         N/A       67%         4
 Fulminant Prism          Conj/Hex       0%         3d6       95%         4
 Iskenderun's Mystic Bla  Conj/Tloc      0%         2d3       95%         4
 Lee's Rapid Deconstruct  Erth           0%         3d5*      100%        5


Dungeon Overview and Level Annotations

Branches:
Dungeon (3/15) Zot: 1644

Altars:


Innate Abilities, Weirdness & Mutations

You passively map a small area around you.
You are easily found by Zot.
You glow in the dark.
You regain HP and MP as you explore.


Message History

A ball python comes into view.
Found a scimitar.
The ball python hisses angrily.
The rat closely misses you.
You puncture the rat!
You kill the rat!
There is a stone staircase leading up here.
You see here a rat corpse.
You closely miss the ball python. The ball python bites you.
The ball python grabs you. The ball python constricts you.
The ball python bites you but does no damage.
The ball python constricts you.
You hit the ball python.
You kill the ball python!
Found a stone staircase leading down.
There is a stone staircase leading down here.
You climb downwards.
The gnoll shouts! x2; You hear an angry hiss. x2
Found a short sword.
There is a stone staircase leading up here.
The gnoll hits you with a +0 spear! The gnoll hits you with a +0 spear.
You climb upwards.
There is a stone staircase leading down here.
You closely miss the gnoll. The gnoll hits you but does no damage.
The gnoll closely misses you.
You hit the gnoll but do no damage. The gnoll barely misses you.
The gnoll hits you with a +0 spear.
You barely miss the gnoll. The gnoll hits you with a +0 spear.
* * * LOW HITPOINT WARNING * * *
The gnoll closely misses you.
Unknown command.
As you read the scroll labelled ROMADA XUISOV, it crumbles to dust.
You hear the tinkle of a tiny bell.
It was a scroll of butterflies.
The gnoll hits you with a +0 spear.
* * * LOW HITPOINT WARNING * * *
The gnoll barely misses you.
You puncture the gnoll!
The gnoll is almost dead.
The gnoll hits you with a +0 spear.
You die...

##...### #..# ##>.....#
.......###..######
##.##.##.#
##...#...........###...#.#*
#
##.##.###...............##.#
*#.##.# #...###.#.<........#
,,......,....#
#....(......## #......,....#
#b#..........# #..##.......#
#g#........... #..##.......#
#@#.........[. #. #....#..#
#g#........... *
bb#.#........# *
####......)...., **
#..#.###.### * ,,, , ......
,.# , * , .....## , , ** *
...## , ,


You could see 2 gnolls.

Vanquished Creatures
  An adder (D:2)
  3 ball pythons (D:2)
  2 bats (D:2)
  A rat (D:2)
7 creatures vanquished.

Notes
Turn   | Place    | Note
-------+----------+-------------------------------------------
     0 | D:1      | hawla the Meteoran Wanderer began the quest for the Orb.
     0 | D:1      | hawla set off with the following items: a +0 quarterstaff,
                  | a +0 helmet, a potion of lignification, a +0 robe; and the
                  | following spell memorised: Summon Small Mammal; and the
                  | following spells available to memorise: Animate Armour,
                  | Summon Lightning Spire.
     0 | D:1      | Reached XP level 1. HP: 16/16 MP: 3/3
    27 | D:2      | Identified the +9 spear of Gluttony {vorpal, rN+}
    69 | D:2      | Reached skill level 5 in Summonings
   105 | D:2      | Reached XP level 2. HP: 23/23 MP: 5/5
   155 | D:2      | Slain by a gnoll

Illustrated notes

Levels and vault maps discovered:
D:1:      minmay_arrival_open_corners, layout_basic, serial_shops,
          shop_fountains, ebering_ecumenical_altar_box, nrook_uturn
D:2:      layout_loops_ring, basic_altar, chequers_garden
D:3:      layout_basic, minmay_door_square

Skill      XL: |  1 |
---------------+----+-----
Summonings     | 5 |  5.3
Fighting       | |  1.1
Polearms       | |  0.1
Staves         | |  2.9
Stealth        | |  1.4
Spellcasting   | |  1.3

Action                   || total
-------------------------++-------
Melee: Spear             ||    12
  Use: Scroll            ||     1
 Stab: Sleeping          ||     1
Armor: Robe              ||     2
Dodge: Dodged            ||     6
